 Dungeon Crawl Stone Soup version 0.32-a0-534-ga61f84b8bd (webtiles) character file.

Game seed: 4528825752441513810

134270 AzureDraco the Eclecticist (level 16, -18/116 HPs)
             Began as a Purple Draconian Ice Elementalist on Feb 23, 2024.
             Was the Champion of Vehumet.
             Killed from afar by Arachne (42 damage)
             ... with a poison arrow
             ... on level 2 of the Spider Nest on Feb 28, 2024.
             The game lasted 04:07:24 (35150 turns).

AzureDraco the Eclecticist (DrIE)                  Turns: 35150, Time: 04:07:28

Health: -18/116    AC: 17    Str: 14      XL:     16   Next: 61%
Magic:  19/40      EV:  8    Int: 23 (24) God:    Vehumet [******]
Gold:   2570       SH:  0    Dex: 13      Spells: 19/56 levels left

rFire   . . .        l - staff of conjuration
rCold   + . .        g - +3 buckler "Xust" {^Contam Regen+ rCorr Stlth-}
rNeg    . . .        (body armour unavailable)
rPois   .            L - +1 hat {Int+3}
rElec   .            n - +0 cloak
rCorr   +            k - +3 pair of gauntlets of War {Slay+5}
SInv    .            Q - +1 pair of boots of the Wasteland {rCorr}
Will    +++..        (no amulet)
Stlth   ++           e - ring of ice
HPRegen 1.19/turn    P - ring of willpower
MPRegen 0.27/turn

%: no passive effects
@: lethally poisoned (-18 -> -37), held
A: nullifying breath, AC +9, unfitting armour, cold-blooded, fire resistance 1,
strong 1
a: Nullifying Breath, Renounce Religion


You were on level 2 of the Spider Nest.
You worshipped Vehumet.
Vehumet was exalted by your worship.
You visited 6 branches of the dungeon, and saw 25 of its levels.
You also visited: Sewer, Ossuary and Volcano.

You collected 2642 gold pieces.
You spent 72 gold pieces at shops.

Inventory:

Missiles
 d - 3 curare-tipped darts
 y - 3 throwing nets
Armour
 g - the +3 buckler "Xust" (worn) {^Contam Regen+ rCorr Stlth-}
   (You acquired it on level 5 of the Dungeon)

   ^Contam:   It causes magical contamination when unequipped.
   Regen+:    It increases your rate of health regeneration.
   rCorr:     It protects you from acid and corrosion.
   Stlth-:    It makes you less stealthy.
 k - the +3 pair of gauntlets of War (worn) {Slay+5}
   (You found it on level 3 of the Lair of Beasts)

   Slay+5:    It affects your accuracy & damage with ranged weapons and melee
   (+5).
 n - a +0 cloak (worn)
 L - a +1 hat of intelligence (worn)
 Q - the +1 pair of boots of the Wasteland (worn) {rCorr}
   (You found it on level 13 of the Dungeon)

   rCorr:     It protects you from acid and corrosion.
Magical Staves
 l - a staff of conjuration (weapon)
 S - a staff of death
Jewellery
 c - a +4 ring of protection
 e - a ring of ice (left hand)
 P - a ring of willpower (right hand)
Wands
 B - a wand of mindburst (14)
 C - a wand of polymorph (23)
 M - a wand of iceblast (9)
 N - a wand of flame (3)
 O - a wand of charming (8)
Scrolls
 b - a scroll of torment {unknown}
 f - 11 scrolls of teleportation
 h - 4 scrolls of revelation
 i - 2 scrolls of amnesia
 j - 3 scrolls of enchant armour
 o - 3 scrolls of vulnerability
 p - 7 scrolls of blinking
 q - a scroll of brand weapon
 r - 2 scrolls of enchant weapon
 s - 3 scrolls of fear
 u - 3 scrolls of fog
 v - 2 scrolls of identify
 z - a scroll of butterflies
 H - 3 scrolls of immolation
Potions
 a - 2 potions of berserk rage
 m - 7 potions of attraction
 t - 2 potions of enlightenment
 w - 5 potions of might
 A - 3 potions of lignification
 D - 5 potions of cancellation
 G - 3 potions of curing
 I - 2 potions of invisibility
 J - 3 potions of ambrosia
 R - a potion of brilliance {unknown}
Miscellaneous
 F - a phial of floods
 X - a lightning rod (inert)
 Z - a condenser vane


   Skills:
 + Level 4.0 Fighting
 + Level 4.9 Staves
 + Level 7.8 Dodging
 + Level 4.5 Stealth
 + Level 6.5 Shields
 + Level 20.8 Spellcasting
 + Level 4.9 Conjurations
 + Level 2.7 Hexes
 + Level 5.5 Summonings
 + Level 2.9 Translocations
 + Level 17.9 Ice Magic
 + Level 3.3 Air Magic
 + Level 2.6 Evocations


You had 19 spell levels left.
You knew the following spells:

 Your Spells              Type           Power      Damage    Failure   Level
a - Freeze                Ice            100%       1d10      0%          1
b - Frozen Ramparts       Ice            100%       1d16      0%          3
c - Ozocubu's Armour      Ice            100%       N/A       0%          3
d - Summon Ice Beast      Ice/Summ       86%        N/A       1%          3
e - Iskenderun's Mystic   Conj/Tloc      58%        2d12      1%          4
f - Blink                 Tloc           74%        N/A       1%          2
g - Arcjolt               Conj/Air       29%        1d39      3%          5
h - Summon Mana Viper     Hex/Summ       42%        N/A       12%         5
i - Plasma Beam           Fire/Air       15%        2x1d27    41%         6
j - Freezing Cloud        Conj/Ice/Air   48%        6-21      1%          5

Your spell library contained the following spells:

 Spells                   Type           Power      Damage    Failure   Level
 Apportation              Tloc           74%        N/A       1%          1
 Summon Small Mammal      Summ           100%       N/A       1%          1
 Ensorcelled Hibernation  Hex/Ice        100%       N/A       1%          2
 Jinxbite                 Hex            72%        N/A       1%          2
 Lesser Beckoning         Tloc           74%        N/A       1%          2
 Momentum Strike          Conj/Tloc      100%       3d10      1%          2
 Inner Flame              Hex/Fire       30%        N/A       1%          3
 Swiftness                Air            39%        N/A       1%          3
 Passwall                 Erth           23%        N/A       7%          3
 Vhi's Electric Charge    Tloc/Air       76%        N/A       7%          4
 Irradiate                Conj/Alch      26%        3d20      7%          5
 Summon Blazeheart Golem  Fire/Summ      36%        N/A       8%          4
 Alistair's Intoxication  Alch           15%        N/A       54%         5
 Monstrous Menagerie      Summ           24%        N/A       91%         7
 Enfeeble                 Hex            18%        N/A       100%        7
 Ignition                 Fire           12%        3d6       100%        8


Dungeon Overview and Level Annotations

Branches:
Dungeon (14/15)            Temple (1/1) D:5            Lair (5/5) D:11
  Swamp (0/4) Lair:2       Spider (2/4) Lair:3        Slime (1/5) Lair:4
    Orc (2/2) D:11            Elf (0/3) Orc:2         Sewer (visited)
Ossuary (visited)         Volcano (visited)
 Vaults: D:13-14

Altars:
Ashenzari
Cheibriados
Dithmenos
Elyvilon
Fedhas
Gozag
Hepliaklqana
Kikubaaqudgha
Makhleb
Nemelex Xobeh
Okawaru
Qazlal
Ru
Sif Muna
Trog
Uskayaw
Vehumet
Wu Jian
Xom
Yredelemnul
Zin
The Shining One
Beogh
Jiyva

Shops:
D:5 [:[?   D:8 (   Orc:2 =(?*

Portals:
Hell: Lair:5
Pandemonium: Orc:2

Annotations:
Spider:2 Arachne


Innate Abilities, Weirdness & Mutations

You can breathe blasts of antimagic.
Your rich purple scales are hard. (AC +9)
You cannot fit into any form of body armour.
You are cold-blooded and may be slowed by cold attacks.
Your flesh is heat resistant. (rF+)
Your muscles are strong. (Str +4, Int/Dex -1)


Message History

Aiming: Thunderbolt
Press: ? - help, Shift-Dir - straight line, f - Arachne
Aim: Arachne, wielding a staff of alchemy (freezing vapour, severely wounded)
The thunderbolt hits Arachne!!
Arachne is almost dead.
Arachne is engulfed in freezing vapours.
Casting: Blink (safe; 1% risk of failure)
Confirm with . or Enter, or press ? or * to list all spells.
Okay, then.
Casting: Blink (safe; 1% risk of failure)
Confirm with . or Enter, or press ? or * to list all spells.
Aiming: Freezing Cloud (mildly dangerous; 1% risk of failure)
Press: ? - help, Dir - move target
Okay, then.
You are confused.
You feel invigorated. Arachne casts a spell at you.
The bolt of poison hits you!!
You are poisoned.
* * * LOW HITPOINT WARNING * * *
Okay, then.
You feel better.
You feel less invigorated.
You feel ready to blink again.
Arachne points her staff at you, shooting a stream of webbing.
The stream of webbing hits you but does no damage.
You are caught in a web!
Aiming: Thunderbolt
Press: ? - help, Shift-Dir - straight line, f/p - Arachne
Aim: Arachne, wielding a staff of alchemy (almost dead)
The thunderbolt hits Arachne!
Arachne is almost dead.
The lightning rod overheats!
Arachne's staff shoots out a stream of webbing.
The stream of webbing hits you but does no damage.
You are even more entangled.
Arachne stares at you and mumbles some strange words.
The poison arrow hits you!!!
You are poisoned.
You die...
Arachne says, "All wrapped up."

##### ##...#
.#...# ...###
.)..# ###### .####
#...@#. .#.#
#..#....# ...#
####.....### ...#
##.#H.###.# #..#
###.§§..:.### #..#
#.#§§(##.## ...#
....§!H.
##......^.?####
.##..###.#..#.#...


You could see Arachne.

Vanquished Creatures
  Frances (Spider:1)
  Kirke (Lair:5)
  2 emperor scorpions (Spider:1)
  2 ghost moths (Spider:2)
  4 slime creatures
  An ettin (Orc:1)
  Josephine (Orc:2)
  2 entropy weavers (Spider:1)
  4 hydras
  An ogre mage (D:14)
  A jorogumo (Spider:1)
  A catoblepas (Lair:5)
  A radroach (Spider:2)
  3 centaur warriors (D:14)
  6 boulder beetles
  A demonspawn (Orc:2)
  3 two-headed ogres
  A tengu warrior (D:14)
  6 death yaks
  4 demonic crawlers
  4 orc high priests (Orc:2)
  2 nameless horrors
  Urug (Lair:4)
  A sun demon (Orc:2)
  Sonja (Orc:2)
  2 skysharks (Lair:5)
  A salamander mystic (Volcano)
  A sixfirhy (Lair:5)
  A pharaoh ant (Spider:1)
  4 orb spiders
  A phantasmal warrior (D:13)
  3 steelbarb worms (Spider:1)
  5 orc knights
  8 orc sorcerers
  2 deep elf pyromancers (D:14)
  4 cyclopes (D:14)
  An ugly thing (D:13)
  8 wolf spiders
  16 elephants
  4 meliai
  3 manticores
  2 salamanders (Volcano)
  2 kobold blastminers
  3 moths of wrath
  2 black mambas
  4 orange demons (Lair:5)
  4 unseen horrors
  10 cane toads
  2 gargoyles
  3 komodo dragons
  3 freezing wraiths
  5 rime drakes
  An ice devil (Lair:5)
  A yaktaur (D:14)
  5 trolls
  3 tengu conjurers
  15 tarantellas
  2 polar bears
  2 hellwings
  A troll (shapeshifter) (D:14)
  A merfolk (D:9)
  A queen bee (Lair:3)
  13 blink frogs
  6 dream sheep
  2 tyrant leeches (Lair:2)
  17 jumping spiders
  2 water elementals (D:13)
  13 culicivoras
  56 yaks
  4 wraiths
  7 wyverns
  3 shadows
  5 basilisks
  33 redbacks
  A redback (shapeshifter) (D:13)
  8 vampire mosquitoes
  5 steam dragons
  A redback simulacrum (D:14)
  3 hogs (Lair:5)
  2 chaos spawn (Orc:2)
  A swamp worm (Lair:2)
  An acid dragon (D:10)
  12 water moccasins
  Duvessa (D:4)
  3 hell hounds (Lair:5)
  2 black bears
  2 laughing skulls (D:13)
  25 orc warriors
  An ice beast (D:7)
  6 ogres
  10 centaurs
  A phantom (D:5)
  A kobold brigand (D:9)
  A brain worm (Sewer)
  6 bullfrogs
  2 gnoll sergeants
  3 scorpions
  2 water moccasin zombies (D:5)
  2 burial acolytes (Ossuary)
  Dowan (D:4)
  6 wights
  24 killer bees
  An electric eel (D:13)
  A bombardier beetle (D:5)
  3 lava snakes (D:8)
  A centaur zombie (D:5)
  8 hounds
  A human zombie (D:5)
  A bullfrog zombie (D:5)
  5 jellies
  19 orc priests
  3 gnoll boudas
  2 iguanas
  23 orc wizards
  6 hell rats (Lair:3)
  A hound zombie (D:5)
  Robin (D:4)
  31 gnolls
  7 adders
  3 river rats (Sewer)
  A shadow imp (D:6)
  2 ufetubi (D:5)
  3 dart slugs
  4 ribbon worms
  48 orcs
  9 endoplasms
  2 giant cockroaches (Sewer)
  15 goblins
  7 hobgoblins
  7 jackals
  9 quokkas
  5 ball pythons
  19 bats
  3 frilled lizards
  6 kobolds
  A kobold skeleton (Ossuary)
  6 rats
749 creatures vanquished.

Vanquished Creatures (collateral kills)
  A red draconian (Volcano)
  2 centaur warriors
  A death knight (D:13)
  4 two-headed ogres
  A demonspawn (Orc:2)
  A death yak (Lair:4)
  A demonic crawler (Spider:1)
  An occultist (Lair:5)
  A skyshark (Lair:3)
  An arcanist (D:14)
  A deep elf pyromancer (D:13)
  A cyclops (Orc:2)
  An ugly thing (D:14)
  Maurice (D:11)
  A moth of wrath (Spider:2)
  2 salamanders (Volcano)
  2 kobold blastminers
  A torpor snail (Lair:5)
  A cane toad (Lair:2)
  A rime drake (Lair:5)
  A kobold demonologist (D:11)
  A tengu conjurer (D:13)
  A troll (Orc:1)
  Grinder (D:5)
  2 tarantellas
  A hornet (D:9)
  5 blink frogs
  3 dream sheep (Lair:4)
  2 slime creatures (D:13)
  2 water elementals (D:13)
  15 yaks
  A wyvern (Lair:5)
  4 basilisks
  A vampire mosquito (D:10)
  5 redbacks
  A water moccasin (Lair:5)
  A hell hound (Lair:5)
  4 orc warriors
  An ice beast (D:7)
  2 ogres
  2 centaurs
  2 phantoms (D:5)
  A wight (Ossuary)
  4 killer bees
  A water moccasin skeleton (D:5)
  An electric eel (D:13)
  A howler monkey (D:6)
  A hound (D:6)
  A bombardier beetle (D:5)
  2 jellies (Lair:4)
  A bullfrog skeleton (D:5)
  9 orc priests
  A sleepcap (D:7)
  6 orc wizards
  A centaur simulacrum (D:9)
  A hound zombie (D:5)
  A hound skeleton (D:5)
  6 gnolls
  A white imp (D:8)
  An adder skeleton (Ossuary)
  13 orcs
  3 endoplasms (Lair:4)
  2 hobgoblins (D:4)
  2 ball python skeletons (Ossuary)
  A hobgoblin skeleton (Ossuary)
  A kobold skeleton (Ossuary)
146 creatures vanquished.

Vanquished Creatures (others)
  A human (D:14)
1 creature vanquished.

Grand Total: 896 creatures vanquished

Notes
Turn   | Place    | Note
-------+----------+-------------------------------------------
     0 | D:1      | AzureDraco the Draconian Ice Elementalist began the quest
                  | for the Orb.
     0 | D:1      | Reached XP level 1. HP: 14/14 MP: 3/3
   318 | D:1      | Reached XP level 2. HP: 20/20 MP: 1/5
  1137 | D:2      | Reached XP level 3. HP: 26/26 MP: 1/6
  1199 | D:2      | Learned a level 3 spell: Frozen Ramparts
  1203 | D:2      | Learned a level 3 spell: Ozocubu's Armour
  1903 | D:3      | Reached XP level 4. HP: 33/33 MP: 4/8
  1903 | D:3      | Found a glowing drain.
  1912 | Sewer    | Entered a sewer
  1923 | Sewer    | Reached skill level 3 in Spellcasting
  2143 | Sewer    | Noticed a brain worm
  2149 | Sewer    | Killed a brain worm
  2150 | Sewer    | Reached skill level 5 in Ice Magic
  2150 | Sewer    | Reached XP level 5. HP: 38/38 MP: 6/10
  2479 | Sewer    | Gained mutation: You possess an exceptional clarity of
                  | mind. [potion of mutation]
  2479 | Sewer    | Gained mutation: You are strong-willed. (Will+) [potion of
                  | mutation]
  2479 | Sewer    | Gained mutation: You have hidden genetic potential. [potion
                  | of mutation]
  2784 | D:3      | Learned a level 3 spell: Summon Ice Beast
  2976 | D:3      | Reached skill level 4 in Spellcasting
  3147 | D:3      | Reached XP level 6. HP: 39/45 MP: 6/12
  3422 | D:3      | Gained mutation: You have great hidden genetic potential.
                  | [hidden potential]
  4441 | D:4      | Found a shimmering blue altar of Sif Muna.
  4467 | D:4      | Your scales start taking on a rich purple colour.
  4467 | D:4      | Reached skill level 5 in Spellcasting
  4467 | D:4      | Reached XP level 7. HP: 48/49 MP: 4/15
  4469 | D:4      | Reached skill level 6 in Spellcasting
  4575 | D:4      | Noticed Duvessa
  4575 | D:4      | Noticed Dowan
  4590 | D:4      | Killed Dowan
  4597 | D:4      | Killed Duvessa
  4602 | D:4      | Gained mutation: You have supernaturally acute eyesight.
                  | (SInv) [hidden potential]
  4602 | D:4      | Lost mutation: You have great hidden genetic potential.
                  | [hidden potential expressed]
  4752 | D:4      | Found a shadowy altar of Dithmenos.
  4777 | D:4      | Noticed Robin
  4790 | D:4      | Killed Robin
  5826 | D:5      | Entered Level 5 of the Dungeon
  5914 | D:5      | Found Ecoma's Armour Shop.
  5972 | D:5      | Reached skill level 7 in Spellcasting
  5973 | D:5      | Reached XP level 8. HP: 47/58 MP: 7/18
  6285 | D:5      | Found a snail-covered altar of Cheibriados.
  6293 | D:5      | Gained mutation: Your system is resistant to poisons.
                  | (rPois) [hidden potential]
  6339 | D:5      | Found Fihaipae's Armour Shop.
  6346 | D:5      | Found Zofabubb's Book Emporium.
  6463 | D:5      | Reached skill level 8 in Spellcasting
  6495 | D:5      | Reached skill level 1 in Staves
  6608 | D:5      | Noticed Grinder
  6692 | D:5      | Killed Grinder
  6867 | D:5      | Found Astrehong's Magic Scroll Emporium.
  6880 | D:5      | Bought a scroll of identify for 24 gold pieces
  6880 | D:5      | Bought a scroll of identify for 24 gold pieces
  6880 | D:5      | Bought a scroll of identify for 24 gold pieces
  6880 | D:5      | Identified a scroll of acquirement
  6884 | D:5      | Acquired the +3 buckler "Xust" {^Contam Regen+ rCorr
                  | Stlth-}
  6994 | D:5      | Found a staircase to the Ecumenical Temple.
  6998 | Temple   | Entered the Ecumenical Temple
  7028 | Temple   | Became a worshipper of Vehumet
  7383 | D:5      | Found an ancient bone altar of Kikubaaqudgha.
  7419 | D:5      | Reached skill level 1 in Fighting
  7419 | D:5      | Reached XP level 9. HP: 64/64 MP: 11/21
  7428 | D:5      | Reached skill level 1 in Shields
  7449 | D:5      | Reached skill level 9 in Spellcasting
  7466 | D:5      | Gained mutation: You have large cloven feet. [hidden
                  | potential]
  7466 | D:5      | Lost mutation: You have hidden genetic potential. [hidden
                  | potential expressed]
  7494 | D:5      | Lost mutation: You possess an exceptional clarity of mind.
                  | [potion of mutation]
  7494 | D:5      | Lost mutation: You have large cloven feet. [potion of
                  | mutation]
  7494 | D:5      | Lost mutation: You have supernaturally acute eyesight.
                  | (SInv) [potion of mutation]
  7494 | D:5      | Gained mutation: Your large and strong wings let you fly.
                  | [potion of mutation]
  7495 | D:5      | Lost mutation: You are strong-willed. (Will+) [potion of
                  | mutation]
  7495 | D:5      | Lost mutation: Your large and strong wings let you fly.
                  | [potion of mutation]
  7495 | D:5      | Gained mutation: You are agile. (Dex +4, Str/Int -1)
                  | [potion of mutation]
  7495 | D:5      | Gained mutation: You sometimes lose your temper in combat.
                  | [potion of mutation]
  7495 | D:5      | Gained mutation: You have hidden genetic potential. [potion
                  | of mutation]
  7496 | D:5      | Lost mutation: You have hidden genetic potential. [potion
                  | of mutation]
  7496 | D:5      | Lost mutation: Your system is resistant to poisons. (rPois)
                  | [potion of mutation]
  7496 | D:5      | Gained mutation: You have an uncontrollable temper. [potion
                  | of mutation]
  7677 | D:6      | Reached skill level 1 in Summonings
  7765 | D:6      | Reached * piety under Vehumet
  7765 | D:6      | Offered knowledge of Foxfire by Vehumet.
  8066 | D:6      | Reached skill level 10 in Spellcasting
  8242 | D:6      | Found a basalt altar of Yredelemnul.
  8703 | D:6      | Reached XP level 10. HP: 61/73 MP: 19/24
  8960 | D:7      | Offered knowledge of Magic Dart by Vehumet.
  9065 | D:7      | Reached ** piety under Vehumet
  9217 | D:7      | Found a sand-covered staircase.
  9226 | Ossuary  | Entered an ossuary
  9739 | D:7      | Found a broken altar of Ashenzari.
 10481 | D:7      | Offered knowledge of Static Discharge by Vehumet.
 10489 | D:7      | Reached skill level 11 in Spellcasting
 10623 | D:7      | Reached skill level 10 in Ice Magic
 10947 | D:8      | Found a bloodstained altar of Trog.
 10964 | D:8      | Reached *** piety under Vehumet
 11312 | D:8      | Noticed a gargoyle
 11321 | D:8      | Reached skill level 1 in Evocations
 11335 | D:8      | Killed a gargoyle
 11486 | D:8      | Found Urea's Antique Weapon Emporium.
 11658 | D:8      | Found an opulent altar of Gozag.
 12006 | D:8      | Reached skill level 12 in Spellcasting
 12080 | D:8      | Found a glowing golden altar of the Shining One.
 12566 | D:9      | Offered knowledge of Iskenderun's Mystic Blast by Vehumet.
 12572 | D:9      | Learned a level 4 spell: Iskenderun's Mystic Blast
 12682 | D:9      | Noticed a centaur warrior
 12688 | D:9      | Reached XP level 11. HP: 63/79 MP: 17/27
 12690 | D:9      | Killed a centaur warrior
 12852 | D:9      | Upgraded the game from 0.32-a0-441-gaf4921d101 to
                  | 0.32-a0-460-gc8eefc90e7
 13332 | D:9      | Reached **** piety under Vehumet
 13523 | D:9      | Found an ancient bone altar of Kikubaaqudgha.
 13530 | D:9      | Got the Octavo of Convocation and Curses
 13577 | D:10     | Entered Level 10 of the Dungeon
 13690 | D:10     | Noticed a two-headed ogre
 13695 | D:10     | Offered knowledge of Lee's Rapid Deconstruction by Vehumet.
 13700 | D:10     | Killed a two-headed ogre
 13797 | D:10     | Reached skill level 13 in Spellcasting
 13856 | D:10     | Noticed an orc sorcerer
 13863 | D:10     | Killed an orc sorcerer
 14904 | D:11     | Found a staircase to the Lair.
 14917 | D:11     | Learned a level 2 spell: Blink
 14932 | D:11     | Noticed a two-headed ogre
 14939 | D:11     | Killed a two-headed ogre
 15091 | D:11     | Lost mutation: You are agile. (Dex +4, Str/Int -1) [potion
                  | of mutation]
 15091 | D:11     | Lost mutation: You have an uncontrollable temper. [potion
                  | of mutation]
 15091 | D:11     | Gained mutation: You occasionally lose the ability to read
                  | scrolls when taking damage. [potion of mutation]
 15091 | D:11     | Gained mutation: You are somewhat resistant to further
                  | mutation. [potion of mutation]
 15091 | D:11     | Gained mutation: You sometimes lose the ability to read
                  | scrolls when taking damage. [potion of mutation]
 15131 | D:11     | Noticed Maurice
 15143 | D:11     | Killed Maurice
 15144 | D:11     | Reached skill level 14 in Spellcasting
 15144 | D:11     | Reached XP level 12. HP: 88/88 MP: 21/30
 15318 | D:11     | Noticed a boulder beetle
 15346 | D:11     | Killed a boulder beetle
 15505 | D:11     | Reached ***** piety under Vehumet
 15543 | D:11     | Offered knowledge of Conjure Ball Lightning by Vehumet.
 15639 | D:11     | Found a staircase to the Orcish Mines.
 16458 | D:12     | Lost mutation: You sometimes lose your temper in combat.
                  | [potion of mutation]
 16458 | D:12     | Lost mutation: You are somewhat resistant to further
                  | mutation. [potion of mutation]
 16458 | D:12     | Gained mutation: Your tail ends in a venomous barb. [potion
                  | of mutation]
 16458 | D:12     | Gained mutation: You are agile. (Dex +4, Str/Int -1)
                  | [potion of mutation]
 16458 | D:12     | Gained mutation: You are covered in fur. (AC +1) [potion of
                  | mutation]
 16935 | D:12     | Noticed a two-headed ogre
 16941 | D:12     | Noticed a two-headed ogre
 16947 | D:12     | Killed a two-headed ogre
 16948 | D:12     | Killed a two-headed ogre
 17572 | D:13     | Reached skill level 5 in Dodging
 17865 | D:13     | Reached skill level 15 in Spellcasting
 18042 | D:13     | Identified the +1 pair of boots of the Wasteland {rCorr}
 18338 | Lair:1   | Entered Level 1 of the Lair of Beasts
 18365 | Orc:1    | Entered Level 1 of the Orcish Mines
 18374 | Orc:1    | Noticed a two-headed ogre
 18455 | Orc:1    | Killed a two-headed ogre
 18471 | Orc:1    | You fall into a shaft and drop 1 floor!
 18471 | Orc:2    | Entered Level 2 of the Orcish Mines
 18977 | Orc:1    | Found a roughly hewn altar of Beogh.
 19143 | Orc:1    | Reached XP level 13. HP: 86/94 MP: 22/32
 19348 | Orc:2    | Found Beabreha's General Store.
 19377 | Orc:2    | Found Etim's Magic Scroll Boutique.
 19839 | Orc:2    | Found a staircase to the Elven Halls.
 19897 | Orc:2    | Noticed Sonja
 19905 | Orc:2    | Killed Sonja
 19977 | Orc:2    | Learned a level 5 spell: Arcjolt
 20003 | Orc:2    | Reached skill level 16 in Spellcasting
 20168 | Orc:2    | Noticed Josephine
 20180 | Orc:2    | Killed Josephine
 20631 | Orc:1    | Noticed an ettin
 20637 | Orc:1    | Killed an ettin
 20638 | Orc:1    | Reached skill level 1 in Conjurations
 21597 | Lair:1   | Reached skill level 15 in Ice Magic
 21597 | Lair:1   | Reached skill level 1 in Air Magic
 22188 | Lair:2   | Offered knowledge of Orb of Destruction by Vehumet.
 22190 | Lair:2   | Reached skill level 17 in Spellcasting
 22359 | Lair:2   | Found a staircase to the Swamp.
 22937 | Lair:2   | Learned a level 5 spell: Summon Mana Viper
 23155 | Lair:2   | Reached XP level 14. HP: 100/102 MP: 24/35
 23807 | Lair:3   | Found the +3 pair of gauntlets of War {Slay+5}
 23825 | Lair:3   | Found a dark tunnel.
 23831 | Volcano  | Entered a volcano
 24112 | Lair:3   | Reached skill level 5 in Shields
 24399 | Lair:3   | Lost mutation: Your tail ends in a venomous barb. [potion
                  | of mutation]
 24399 | Lair:3   | Lost mutation: You sometimes lose the ability to read
                  | scrolls when taking damage. [potion of mutation]
 24399 | Lair:3   | Lost mutation: You are agile. (Dex +4, Str/Int -1) [potion
                  | of mutation]
 24399 | Lair:3   | Gained mutation: Your muscles are strong. (Str +4, Int/Dex
                  | -1) [potion of mutation]
 24670 | Lair:3   | Found a hole to the Spider Nest.
 25122 | Lair:4   | Found a viscous altar of Jiyva.
 25123 | Lair:4   | Found a staircase to the Slime Pits.
 25305 | Lair:4   | Noticed Urug
 25315 | Lair:4   | Killed Urug
 25480 | Lair:4   | Reached skill level 18 in Spellcasting
 25568 | Lair:4   | Upgraded the game from 0.32-a0-460-gc8eefc90e7 to
                  | 0.32-a0-481-g9ce6b883f8
 26262 | Lair:5   | Entered Level 5 of the Lair of Beasts
 26266 | Lair:5   | Noticed Kirke
 26616 | Lair:5   | Reached ****** piety under Vehumet
 26618 | Lair:5   | Reached skill level 1 in Hexes
 26807 | Lair:5   | Killed Kirke
 27252 | Lair:5   | Reached skill level 1 in Translocations
 27425 | Lair:5   | Offered knowledge of Ozocubu's Refrigeration by Vehumet.
 27426 | Lair:5   | Reached XP level 15. HP: 89/107 MP: 34/37
 27738 | Lair:5   | Reached skill level 19 in Spellcasting
 28059 | Lair:5   | Found a glowing golden altar of the Shining One.
 28217 | Lair:5   | Found a burning altar of Makhleb.
 28268 | Lair:5   | Found a gateway to Hell.
 28608 | Lair:5   | Lost mutation: You occasionally lose the ability to read
                  | scrolls when taking damage. [potion of mutation]
 28608 | Lair:5   | Lost mutation: You are covered in fur. (AC +1) [potion of
                  | mutation]
 28608 | Lair:5   | Gained mutation: Your flesh is heat resistant. (rF+)
                  | [potion of mutation]
 28646 | Slime:1  | Entered Level 1 of the Pits of Slime
 28646 | Slime:1  | Noticed an azure jelly
 29138 | Orc:2    | Found Keonn's Antique Weapon Emporium.
 29138 | Orc:2    | Found a one-way gate leading to the halls of Pandemonium.
 29138 | Orc:2    | Found Pairyrch's Jewellery Shoppe.
 29725 | D:14     | Reached skill level 5 in Summonings
 29960 | D:14     | Offered knowledge of Starburst by Vehumet.
 30538 | D:14     | Identified the +8 sling "Fiybag" {antimagic, rC+ Int+2
                  | Stlth+}
 30969 | Lair:1   | Upgraded the game from 0.32-a0-481-g9ce6b883f8 to
                  | 0.32-a0-534-ga61f84b8bd
 30976 | Lair:1   | Learned a level 6 spell: Plasma Beam
 31055 | Spider:1 | Entered Level 1 of the Spider Nest
 31058 | Spider:1 | Identified the +0 ring mail of Zin's Reproof {rF+}
 31601 | Spider:1 | Reached XP level 16. HP: 60/116 MP: 1/39
 31819 | Spider:1 | Reached skill level 20 in Spellcasting
 32612 | Spider:1 | Noticed Frances
 32628 | Spider:1 | Killed Frances
 33335 | Spider:1 | Offered knowledge of Freezing Cloud by Vehumet.
 33344 | Spider:1 | Learned a level 5 spell: Freezing Cloud
 35134 | Spider:2 | Noticed Arachne
 35150 | Spider:2 | Killed from afar by Arachne

Illustrated notes

Levels and vault maps discovered:
D:1:      dpeg_arrival_signposts, layout_rooms, serial_park_tiny_1
D:2:      layout_rooms
D:3:      layout_basic, portal_sewer_entry_d, minmay_misc_feat_five,
          minmay_hedge_maze, supply_closet_lemuel
D:4:      layout_cave_pods, grunt_dithmenos_smoke_and_mirrors,
          general_overflow_altar, serial_column_ruins, column_ruins_open_tiny,
          column_ruins_open_tiny, column_ruins_open_small,
          ebering_dispersal_statue_hall, uniq_robin, uniq_duvessa
D:5:      layout_basic, lemuel_mausoleum_altar_kikubaaqudgha,
          cheibriados_altar_1, temple_statues, serial_shops, shop,
          nicolae_shop_pleasant_corner_grove, shop, shop, uniq_grinder
D:6:      layout_basic, lemuel_crystal_altar, minmay_microvault
D:7:      layout_layer_cave, overflow_temple_1_default, enter_ossuary_1
D:8:      kennysheep_big_flooded_room, layout_loops_corners,
          mainiacjoe_overflow_tiny_flanked, mainiacjoe_overflow_brackets,
          nicolae_tso_carved_into_rock, serial_shops, shop
D:9:      minmay_curly_fans, layout_basic, roadster_trireme
D:10:     cheibrodos_wizards_tower, layout_irregular_city
D:11:     layout_irregular_city, minmay_lair_entry_grove, orc_0_dummy,
          uniq_maurice
D:12:     layout_grid_maze, bh_walls_and_bars
D:13:     layout_basic
D:14:     minmay_the_grid_triangle_9x9_recursive_3_mashed
          [minmay_the_grid_triangle_9x9_corrupted_corridor,
          minmay_the_grid_triangle_9x9_cache,
          minmay_the_grid_triangle_9x9_wacky_v,
          minmay_the_grid_triangle_9x9_prize_schism,
          minmay_the_grid_triangle_9x9_pentomino_pain,
          minmay_the_grid_triangle_9x9_minimal,
          minmay_the_grid_triangle_9x9_stretched_checkered,
          minmay_the_grid_triangle_9x9_corruption,
          minmay_the_grid_triangle_9x9_zippers_vertical], layout_basic,
          ximxim_vaults_locker_room, serial_shops, shop,
          hangedman_decor_riveting, uniq_rupert
Temple:   nicolae_temple_figure_eight
Lair:1:   layout_big_grid, beast_lair_carwin_6
Lair:2:   wander_river, layout_cave_pods, minmay_swamp_entry_worms
Lair:3:   layout_roguey [special_room_bee], nicolae_spider_entry_orb_guardian,
          nicolae_volcano_entry_hallway, chequers_serial_rivers_marsh,
          roderic_batcave
Lair:4:   layout_roguey, nicolae_slime_entry_slimehenge, uniq_urug
Lair:5:   evil_forest, layout_cave_pods, basic_altar,
          infiniplex_staircase_pool_2, grunt_megastairs_4, uniq_kirke
Spider:1: layout_cave_pods, nicolae_spider_webs_and_nodes,
          nicolae_spider_claw_tunnel, uniq_frances
Spider:2: layout_spider_delve, drop_trap, uniq_arachne
Slime:1:  layout_caves, cheibrodos_slime_lost_civilization_7, uniq_donald
Orc:1:    layout_diamond_mine, basic_altar
Orc:2:    pf_orc_diabolical, layout_caves, statue_in_the_mist_lemuel,
          uniq_josephine, uniq_sonja

Skill      XL: |  1  2  3  4  5  6  7  8  9 10 11 12 13 14 15 16 |
---------------+-------------------------------------------------+-----
Stealth        | 2 3 4 |  4.5
Spellcasting   | 3 4 5 7 8 10 12 14 15 17 18 19 20 | 20.8
Ice Magic      | 5 6 7 8 9 10 12 14 15 16 17 | 17.9
Dodging        | 2 3 4 5 6 7 |  7.8
Staves         | 2 3 4 |  4.9
Fighting       | 1 2 3 4 |  4.0
Shields        | 2 3 4 5 6 |  6.5
Summonings     | 2 3 4 5 |  5.5
Evocations     | 1 2 |  2.6
Conjurations   | 1 2 4 |  4.9
Air Magic      | 1 2 3 |  3.3
Hexes          | 1 2 |  2.7
Translocations | 1 2 |  2.9

Action                     |  1- 3 |  4- 6 |  7- 9 | 10-12 | 13-15 | 16-18 || total
---------------------------+-------+-------+-------+-------+-------+-------++-------
  Melee: Unarmed           |     2 |       |       |       |     1 |       ||     3
         Tailslap          |     2 |     6 |    26 |    37 |    70 |    15 ||   156
         Staff             |     7 |    65 |   129 |   163 |   228 |    71 ||   663
         Kick              |       |       |     5 |       |       |       ||     5
  Throw: Dart              |       |       |       |       |     1 |       ||     1
   Cast: Freeze            |    57 |    95 |   127 |   253 |   322 |    38 ||   892
         Frozen Ramparts   |     3 |     9 |    34 |    85 |   130 |    40 ||   301
         Ozocubu's Armour  |       |     7 |    27 |    76 |   110 |    32 ||   252
         Summon Ice Beast  |       |     1 |    21 |    97 |    84 |    12 ||   215
         Iskenderun's Myst |       |       |       |    24 |    46 |    33 ||   103
         Arcjolt           |       |       |       |       |   128 |    33 ||   161
         Blink             |       |       |       |       |     3 |     2 ||     5
         Summon Mana Viper |       |       |       |       |    26 |     9 ||    35
         Freezing Cloud    |       |       |       |       |       |    21 ||    21
Ability: Nullifying Breath |       |       |     3 |     3 |    18 |     5 ||    29
  Evoke: Wand              |       |       |       |     9 |    30 |    16 ||    55
         Phial of floods   |       |       |       |       |     1 |     1 ||     2
         Lightning rod     |       |       |       |       |       |     7 ||     7
    Use: Potion            |       |    11 |     3 |     5 |    14 |     6 ||    39
         Scroll            |       |     6 |     4 |       |    13 |     1 ||    24
   Stab: Distracted        |       |       |     1 |     2 |     4 |     2 ||     9
 Armour: Skin              |    40 |   113 |   156 |   382 |   737 |   201 ||  1629
  Dodge: Dodged            |    32 |    71 |   123 |   217 |   414 |   154 ||  1011
  Block: Buckler           |       |       |    41 |   179 |   357 |    95 ||   672

Table legend: (Time is in decaauts)
 A = Elapsed time spent in this place.
 B = Non-inter-level travel time spent in this place.
 C = Inter-level travel time spent in this place.
 D = Time resting spent in this place.
 E = Time spent auto-exploring this place.
 F = Levels seen in this place.
 G = Mean time per level.
                   A        B        C        D        E       F      G
               +--------+--------+--------+--------+--------+-----+--------+
         Total |  35525 |  34725 |    800 |   4160 |  21009 |  28 | 1268.8 |
       Dungeon |  19069 |  18565 |    504 |    892 |  13704 |  14 | 1362.1 |
        Temple |     58 |     58 |      0 |      0 |      0 |   1 |   58.0 |
          Lair |   7394 |   7215 |    179 |    713 |   4237 |   5 | 1478.8 |
   Spider Nest |   4107 |   4034 |     73 |   1873 |    951 |   2 | 2053.5 |
    Slime Pits |     23 |     23 |      0 |      0 |      0 |   1 |   23.0 |
  Orcish Mines |   3291 |   3250 |     41 |    540 |   1389 |   2 | 1645.5 |
         Sewer |    981 |    981 |      0 |     79 |    671 |   1 |  981.0 |
       Ossuary |    385 |    385 |      0 |     41 |     50 |   1 |  385.0 |
       Volcano |    214 |    214 |      0 |     21 |      6 |   1 |  214.0 |
               +--------+--------+--------+--------+--------+-----+--------+

Top non-repeatable levels by time:
Spider:1: 2716 daAuts
   Orc:2: 2333 daAuts
  Lair:5: 2222 daAuts
     D:5: 1800 daAuts
     D:7: 1656 daAuts
     D:3: 1643 daAuts
    D:12: 1627 daAuts
  Lair:2: 1597 daAuts
     D:4: 1514 daAuts
  Lair:3: 1467 daAuts
  Lair:4: 1431 daAuts
    D:11: 1404 daAuts
Spider:2: 1391 daAuts
     D:8: 1365 daAuts
     D:9: 1288 daAuts
